 Dungeon Crawl Stone Soup version 0.30-a0-165-g1891117ce2 (webtiles) character file.

Game seed: 9510561919187127836

137 LnG the Caller (level 5, -4/28 HPs)
             Began as a Kobold Summoner on Sept 28, 2022.
             Slain by an ogre
             ... wielding a +0 giant spiked club
              (20 damage)
             ... on level 3 of the Dungeon.
             The game lasted 00:07:25 (3554 turns).

LnG the Caller (Kobold Summoner)                    Turns: 3554, Time: 00:07:26

Health: -4/28      AC:  2    Str:  5    XL:     5   Next: 43%
Magic:  2/9        EV: 15    Int: 19    God:
Gold:   126        SH:  0    Dex: 15    Spells: 4/10 levels left

rFire   . . .      SeeInvis .    h - +1 dagger
rCold   . . .      Faith    .    (no shield)
rNeg    . . .      Spirit   .    a - +0 robe
rPois   .          Reflect  .    (no helmet)
rElec   .          Harm     .    (no cloak)
rCorr   +          Rampage  .    (no gloves)
Will    .....                    (no boots)
Stlth   ++++......               (no amulet)
HPRegen 0.09/turn                d - ring of resist corrosion
MPRegen 0.11/turn                (no ring)

@: very slightly contaminated
A: small, no large weapons, nightstalker 3
a: no special abilities


You were on level 3 of the Dungeon.
You visited 1 branch of the dungeon, and saw 3 of its levels.

You collected 126 gold pieces.

Inventory:

Hand Weapons
 g - a +0 short sword
 h - a +1 dagger (weapon)
Armour
 a - a +0 robe (worn)
Jewellery
 d - a ring of resist corrosion (left hand)
Scrolls
 i - 2 scrolls of teleportation
 l - a scroll of identify {unknown}
 m - a scroll of vulnerability {unknown}
 n - a scroll of poison {unknown}
 o - a scroll of amnesia
Potions
 b - a potion of magic
 e - a potion of cancellation {unknown}
 f - 2 potions of brilliance {unknown}
 j - a potion of might {unknown}
 k - a potion of mutation {unknown}


   Skills:
 + Level 0.5 Fighting
 + Level 1.3 Short Blades
 + Level 3.3 Dodging
 + Level 4.1 Stealth
 + Level 0.1 Unarmed Combat
 + Level 3.1 Spellcasting
 + Level 4.7 Summonings


You had 4 spell levels left.
You knew the following spells:

 Your Spells              Type           Power      Damage    Failure   Level
a - Summon Small Mammal   Summ           84%        N/A       2%          1
b - Call Imp              Summ           21%        N/A       3%          2
c - Call Canine Familiar  Summ           21%        N/A       6%          3

Your spell library contained the following spells:

 Spells                   Type           Power      Damage    Failure   Level
 Summon Guardian Golem    Hex/Summ       12%        N/A       17%         3
 Frozen Ramparts          Ice            6%         1d1       41%         3
 Summon Ice Beast         Ice/Summ       12%        N/A       50%         4
 Summon Lightning Spire   Summ/Air       12%        N/A       50%         4
 Ice Form                 Ice/Tmut       3%         N/A       83%         4


Dungeon Overview and Level Annotations

Branches:
Dungeon (3/15)

Altars:
Fedhas
Qazlal


Innate Abilities, Weirdness & Mutations

You are small and have problems with some larger weapons.
You are completely attuned to the shadows.


Message History

Your crimson imp hits the ogre.
The ogre barely misses your hound.
Your hound barely misses the orc priest.
The orc barely misses you.
The orc hits your hound with a +0 hand axe.
The orc priest mumbles some strange prayers to Beogh against you.
Pain shoots through your body!
You hit the orc priest.
You kill the orc priest!
Your crimson imp hits the ogre.
The orc hits you with a +0 hand axe.
The orc hits your hound with a +0 hand axe.
Your Stealth skill increases to level 4!
Unknown command.
The orc attacks as you move away! The orc barely misses you.
The orc hits your hound with a +0 hand axe.
Your hound bites the orc.
Your crimson imp blinks!
Your hound barely misses the orc.
The orc barely misses your hound. The ogre misses you.
Your hound barely misses the orc.
The orc hits your hound with a +0 hand axe.
Casting: Call Imp (safe; 3% risk of failure)
Confirm with . or Enter, or press ? or * to list all spells.
You miscast Summon Small Mammal.
You are very lightly contaminated with residual magic.
Nothing appears to happen.
Your hound bites the orc.
The orc dies!
Your crimson imp blinks!
Your crimson imp hits the ogre.
Your hound closely misses the ogre.
The ogre hits your crimson imp with a +0 giant spiked club!
Your crimson imp dies!
Your crimson imp disappears in a puff of smoke!
Unknown command.
Casting: Summon Small Mammal (safe; 2% risk of failure)
Confirm with . or Enter, or press ? or * to list all spells.
A beastly little devil appears in a puff of frigid air.
Your hound barely misses the ogre.
Your hound closely misses the ogre.
Unknown command.
The ogre hits you with a +0 giant spiked club!!
Ouch! That really hurt!
You die...

#...#....
#...# ....##
##.#.....#
..........
#.5......
###
#@...)...
#...
.##.Oh.)...
.#.##
#.....§##...
.....
####..###...
#.#.
#........
#...
###..###.#
###.
≈.≈...P..#
#.
.≈...PPP...
#.
≈_....._P..
##.


You could see an ogre (ally target), a friendly hound (summoned) and a friendly
white imp (summoned).

Vanquished Creatures
  An orc priest (D:3)
  A dart slug (D:2)
  An orc (D:3)
  3 ball pythons
  6 endoplasms
  A giant cockroach (D:2)
  3 goblins
  2 hobgoblins
  4 bats
  A frilled lizard (D:1)
  A kobold (D:2)
  2 rats
26 creatures vanquished.

Vanquished Creatures (collateral kills)
  Terence (D:2)
  2 adders (D:2)
  2 worms (D:2)
  An orc (D:3)
  4 bats
  3 endoplasms (D:1)
  3 giant cockroaches (D:1)
  A goblin (D:1)
  A hobgoblin (D:2)
  4 ball pythons
  4 frilled lizards (D:1)
  3 kobolds
29 creatures vanquished.

Vanquished Creatures (others)
  6 fungi
  2 plants (D:1)
8 creatures vanquished.

Grand Total: 63 creatures vanquished

Notes
Turn   | Place    | Note
-------+----------+-------------------------------------------
     0 | D:1      | LnG the Kobold Summoner began the quest for the Orb.
     0 | D:1      | Reached XP level 1. HP: 10/10 MP: 3/3
   181 | D:1      | Reached XP level 2. HP: 15/15 MP: 5/5
   184 | D:1      | Learned a level 2 spell: Call Imp
   205 | D:1      | Found a faded altar of an unknown god.
   683 | D:1      | Reached XP level 3. HP: 19/19 MP: 6/6
   687 | D:1      | Learned a level 3 spell: Call Canine Familiar
  1739 | D:2      | Reached XP level 4. HP: 7/24 MP: 4/8
  2160 | D:2      | Reached skill level 1 in Short Blades
  2768 | D:2      | Noticed Terence
  2784 | D:2      | Killed Terence
  2785 | D:2      | Reached XP level 5. HP: 6/28 MP: 4/9
  3526 | D:3      | Found a stormy altar of Qazlal.
  3526 | D:3      | Found a blossoming altar of Fedhas.
  3542 | D:3      | Noticed an ogre
  3554 | D:3      | Slain by an ogre

Illustrated notes

Levels and vault maps discovered:
D:1:      roderic_crossed_star, layout_rooms, dreamdust_ecumenical_altar_grove
D:2:      kennysheep_six_static_rooms, layout_loops_cross,
          uniq_crazy_yiuf_cottage, uniq_jessica, uniq_terence
D:3:      layout_loops_cross, grunt_temple_overflow_forces_of_nature,
          dreamdust_mushroom_princess

Skill      XL: |  1  2  3  4  5 |
---------------+----------------+-----
Stealth        | 3 4 |  4.1
Short Blades   | 1 |  1.3
Dodging        | 3 |  3.3
Spellcasting   | 3 |  3.1
Fighting       | |  0.5
Unarmed Combat | |  0.1
Summonings     | |  4.7

Action                   |  1- 3 |  4- 6 || total
-------------------------+-------+-------++-------
Melee: Unarmed           |    19 |       ||    19
       Dagger            |    62 |    59 ||   121
       Punch             |     2 |       ||     2
 Cast: Summon Small Mamm |    12 |       ||    12
       Call Imp          |     8 |     4 ||    12
       Call Canine Famil |     1 |     4 ||     5
  Use: Scroll            |       |     3 ||     3
 Stab: Sleeping          |     7 |     9 ||    16
Armor: Robe              |    17 |     4 ||    21
Dodge: Dodged            |    95 |    29 ||   124

Table legend: (Time is in decaauts)
 A = Elapsed time spent in this place.
 B = Non-inter-level travel time spent in this place.
 C = Inter-level travel time spent in this place.
 D = Time resting spent in this place.
 E = Time spent auto-exploring this place.
 F = Levels seen in this place.
 G = Mean time per level.
                   A        B        C        D        E       F      G
               +--------+--------+--------+--------+--------+-----+--------+
         Total |   3549 |   3357 |    192 |   1790 |   1160 |   3 | 1183.0 |
       Dungeon |   3549 |   3357 |    192 |   1790 |   1160 |   3 | 1183.0 |
               +--------+--------+--------+--------+--------+-----+--------+

Top non-repeatable levels by time:
     D:2: 2135 daAuts
     D:1: 1185 daAuts
     D:3: 228 daAuts
